 Dungeon Crawl Stone Soup version 0.29-a0-919-gd064cfad1c (webtiles) character file.

Game seed: 8029304416314405900

765 Sobieck the Shooter (level 7, -8/59 HPs)
             Began as a Demigod Hunter on July 26, 2022.
             Mangled by Grinder (9 damage)
             ... on level 5 of the Dungeon.
             The game lasted 00:07:21 (4202 turns).

Sobieck the Shooter (Demigod Hunter)                Turns: 4202, Time: 00:07:23

Health: -8/59      AC:  6    Str: 12    XL:     7   Next: 26%
Magic:  9/9        EV: 15    Int: 11    God:
Gold:   271        SH:  0    Dex: 25    Spells: 6/6 levels left

rFire   . . .      SeeInvis .   a - +1 shortbow {bow}
rCold   + . .      Faith    .   (shield currently unavailable)
rNeg    . . .      Spirit   .   c - +0 leather armour
rPois   .          Reflect  .   g - +2 hat {Stlth+}
rElec   .          Harm     .   (no cloak)
rCorr   .          Rampage  .   j - +0 pair of gloves
Will    +....                   (no boots)
Stlth   +++.......              (no amulet)
HPRegen 0.19/turn               d - ring of willpower
MPRegen 0.11/turn               i - ring of protection from cold

@: no status effects
A: high MP 1, forlorn, divine attributes
a: no special abilities


You were on level 5 of the Dungeon.
You visited 1 branch of the dungeon, and saw 5 of its levels.

You collected 271 gold pieces.


Innate Abilities, Weirdness & Mutations

You have an increased reservoir of magic. (+10% MP)
You shall have no god before yourself.
Your divine heritage dramatically boosts your attributes as you level up.


   Skills:
 + Level 4.3 Fighting
 * Level 5.8 Ranged Weapons
 - Level 2.0 Armour
 + Level 4.3 Dodging
 - Level 0.8 Stealth


You had 6 spell levels left.
You didn't know any spells.
Your spell library contained the following spells:

 Spells                   Type           Power      Damage    Failure   Level
 Ignite Poison            Fire/Tmut/Pois 0%         N/A       80%         3
 Mephitic Cloud           Conj/Pois/Air  0%         N/A       80%         3
 Freezing Cloud           Conj/Ice/Air   0%         6-21      100%        5

Inventory:

Hand Weapons
 a - a +1 shortbow (weapon) {bow}
 h - a +0 whip of electrocution {mace}
   (You took it off a kobold on level 1 of the Dungeon)
 w - a +0 whip of pain {mace}
   (You took it off a kobold on level 3 of the Dungeon)
Missiles
 e - 51 stones {throwing}
 m - 13 poisoned darts {throwing}
 p - 5 javelins {throwing}
Armour
 c - a +0 leather armour (worn)
 g - a +2 hat of stealth (worn)
   (You found it on level 1 of the Dungeon)
 j - a +0 pair of gloves (worn)
   (You found it on level 2 of the Dungeon)
 k - a +0 helmet
   (You found it on level 1 of the Dungeon)
 r - a +0 leather armour
   (You found it on level 2 of the Dungeon)
 x - a +0 animal skin
   (You took it off a goblin on level 4 of the Dungeon)
 y - a +0 ring mail
   (You took it off Robin on level 4 of the Dungeon)
 A - a +0 robe
   (You took it off a hobgoblin on level 4 of the Dungeon)
Jewellery
 d - a ring of willpower (left hand)
   (You found it on level 1 of the Dungeon)
 f - a ring of fire
   (You found it on level 2 of the Dungeon)
 i - a ring of protection from cold (right hand)
   (You found it on level 2 of the Dungeon)
 n - a ring of wizardry
   (You found it on level 1 of the Dungeon)
 o - a ring of poison resistance
   (You found it on level 2 of the Dungeon)
Wands
 u - a wand of flame (16)
   (You took it off a kobold on level 3 of the Dungeon)
Scrolls
 b - a scroll of immolation {!r!r}
 q - 2 scrolls of identify {@r1}
 s - a scroll of poison {!r}
 t - a scroll of fear
Potions
 l - 2 potions of haste {@q3}
 z - 3 potions of mutation {!q}
 B - a potion of resistance

Dungeon Overview and Level Annotations

Branches:
Dungeon (5/15) Zot: 25622
 Temple: D:4-7

Shops:
D:2 (   D:4 (

Annotations:
D:3 exclusion: downstairs
D:5 Grinder

... #. 5o #. ..#.
#.#. #... #..
#.o#### #o{@.#
####5### #...#
########## ###.#
.........# #.#
.........### #.#
...........####.#
.........#.##...#
.........#.##.####


You could see Grinder and 2 orcs.


Message History

Press: ? - help, Q - select action, (/) - cycle Shift-Dir - straight line, f/p - water moccasin
Aim: a water moccasin (heavily wounded, 55% to hit)
You shoot an arrow. The arrow hits the water moccasin.
You feel very sick.
The water moccasin closely misses you. x2
Unknown command.
Fire: a) +1 shortbow {bow}
Press: ? - help, Q - select action, (/) - cycle Shift-Dir - straight line, f/p - water moccasin
Aim: a water moccasin (severely wounded, 55% to hit)
You shoot an arrow.
The arrow closely misses the water moccasin.
You feel very sick. The water moccasin bites you.
* * * LOW HITPOINT WARNING * * *
The water moccasin bites you but does no damage.
Unknown command.
Fire: a) +1 shortbow {bow}
Press: ? - help, Q - select action, (/) - cycle Shift-Dir - straight line, f/p - water moccasin
Aim: a water moccasin (severely wounded, 55% to hit)
You shoot an arrow.
The arrow hits the water moccasin but does no damage.
You feel sick. The water moccasin bites you.
* * * LOW HITPOINT WARNING * * *
You are more poisoned.
The water moccasin poisons you!
Fire: a) +1 shortbow {bow}
Press: ? - help, Q - select action, (/) - cycle Shift-Dir - straight line, f/p - water moccasin
Aim: a water moccasin (severely wounded, 55% to hit)
You shoot an arrow. The arrow hits the water moccasin.
* * * LOW HITPOINT WARNING * * *
You feel very sick. The water moccasin closely misses you.
The water moccasin bites you!
* * * LOW HITPOINT WARNING * * *
Unknown command.
Fire: a) +1 shortbow {bow}
Press: ? - help, Q - select action, (/) - cycle Shift-Dir - straight line, f/p - water moccasin
Aim: a water moccasin (almost dead, 55% to hit)
You shoot an arrow. The arrow hits the water moccasin!
You kill the water moccasin!
* * * LOW HITPOINT WARNING * * *
You feel very sick.
Grinder blinks!
An orc comes into view. It is wielding a +0 flail.
Something hits you.
* * * LOW HITPOINT WARNING * * *
Unknown command.
You feel much better.
You feel sick. Something hits you.
* * * LOW HITPOINT WARNING * * *
Fire: a) +1 shortbow {bow}
Press: ? - help, Q - select action, (/) - cycle Shift-Dir - straight line, f - orc
Aim: an orc, wielding a +0 dagger and quivering boomerangs (69% to hit)
You shoot an arrow. The arrow hits the orc!
You kill the orc!
You feel very sick. Something hits you but does no damage.
Fire: a) +1 shortbow {bow}
Press: ? - help, Q - select action, (/) - cycle Shift-Dir - straight line, f - orc
Aim: an orc, wielding a +0 flail and wearing a +0 leather armour (69% to hit)
You shoot an arrow. The arrow hits the orc!
You kill the orc!
You feel sick.
You hear some strange, mumbled words.
A magic dart appears from out of thin air!
The magic dart hits you.
* * * LOW HITPOINT WARNING * * *
An orc comes into view. It is wielding a +0 morningstar.
Danger!
Fire: a) +1 shortbow {bow}
Press: ? - help, Q - select action, (/) - cycle Shift-Dir - straight line, f - orc
Aim: an orc, wielding a +0 morningstar (69% to hit)
You shoot an arrow. The arrow closely misses the orc.
You feel sick. Something closely misses you.
Grinder blinks!
Unknown command.
Fire: a) +1 shortbow {bow}
Press: ? - help, Q - select action, (/) - cycle Shift-Dir - straight line, f/p - orc
Aim: an orc, wielding a +0 morningstar (69% to hit)
You shoot an arrow. The arrow hits the orc.
You feel sick. Something hits you.
* * * LOW HITPOINT WARNING * * *
Something hits you but does no damage.
Fire: a) +1 shortbow {bow}
Press: ? - help, Q - select action, (/) - cycle Shift-Dir - straight line, f/p - orc
Aim: an orc, wielding a +0 morningstar (almost dead, 69% to hit)
You shoot an arrow.
You feel sick. Grinder hits you.
* * * LOW HITPOINT WARNING * * *
You writhe in agony.
* * * LOW HITPOINT WARNING * * *
Something hits you.
* * * LOW HITPOINT WARNING * * *
Fire: a) +1 shortbow {bow}
Press: ? - help, Q - select action, (/) - cycle Shift-Dir - straight line, f/p - orc
Aim: an orc, wielding a +0 morningstar (almost dead, 69% to hit)
You shoot an arrow.
* * * LOW HITPOINT WARNING * * *
You feel sick.
You are no longer poisoned.
An orc comes into view. It is wielding a +0 short sword.
Something hits you but does no damage. Grinder hits you!
You die...

Skill      XL: |  1  2  3  4  5  6 |
---------------+-------------------+-----
Fighting       | 2 3 4 |  4.3
Dodging        | 2 3 4 |  4.3
Armour         | 1 2 |  2.0
Ranged Weapons | 4 5 |  5.8
Stealth        | |  0.8

Action                   |  1- 3 |  4- 6 |  7- 9 || total
-------------------------+-------+-------+-------++-------
 Fire: Shortbow          |   118 |   161 |    25 ||   304
  Use: Scroll            |     4 |     6 |       ||    10
       Potion            |       |       |     1 ||     1
Armor: Leather armour    |    12 |    17 |     5 ||    34
Dodge: Dodged            |    29 |    41 |    11 ||    81

Levels and vault maps discovered:
D:1:      kennysheep_arrival_seaside, layout_loops_cross, serial_bayou,
          serial_bayou_pond_c, serial_bayou_pond_a, serial_bayou_ford_a,
          serial_bayou_lake_a, minmay_tetromino_l4
D:2:      layout_basic, serial_shops, shop_statue
D:3:      layout_basic, vehumet_altar_wand_db, serial_bayou_lagoon_b
D:4:      layout_basic, serial_shops, nicolae_shop_bloodbath_and_beyond,
          guppyfry_early_lair_pool, uniq_menkaure, uniq_robin
D:5:      layout_basic, uniq_prince_ribbit1, uniq_grinder

Notes
Turn   | Place    | Note
-------+----------+-------------------------------------------
     0 | D:1      | Sobieck the Demigod Hunter began the quest for the Orb.
     0 | D:1      | Reached XP level 1. HP: 17/17 MP: 3/3
    97 | D:1      | Reached skill level 2 in Fighting
   102 | D:1      | Reached skill level 2 in Dodging
   123 | D:1      | Reached XP level 2. HP: 14/24 MP: 4/4
   497 | D:1      | Reached skill level 1 in Armour
   938 | D:1      | Reached XP level 3. HP: 29/29 MP: 5/5
  1468 | D:2      | Found Beiphoem's Weapon Shop.
  1473 | D:2      | Reached skill level 4 in Ranged Weapons
  2214 | D:3      | Reached XP level 4. HP: 37/37 MP: 6/6
  2439 | D:3      | Noticed a necrophage
  2451 | D:3      | Killed a necrophage
  2452 | D:3      | Reached skill level 2 in Armour
  2452 | D:3      | Reached XP level 5. HP: 38/44 MP: 7/7
  3159 | D:3      | Reached skill level 3 in Fighting
  3159 | D:3      | Reached skill level 3 in Dodging
  3210 | D:4      | Noticed an ogre
  3411 | D:4      | Found Cuge's Weapon Emporium.
  3471 | D:4      | Noticed Menkaure
  3499 | D:4      | Killed Menkaure
  3500 | D:4      | Reached skill level 5 in Ranged Weapons
  3500 | D:4      | Reached XP level 6. HP: 43/52 MP: 8/8
  3583 | D:4      | Reached skill level 4 in Dodging
  3591 | D:4      | You add the spells Ignite Poison, Mephitic Cloud and
                  | Freezing Cloud to your library.
  3603 | D:4      | Noticed Robin
  3763 | D:4      | Killed Robin
  3764 | D:4      | Reached skill level 4 in Fighting
  4032 | D:5      | Entered Level 5 of the Dungeon
  4071 | D:5      | Reached XP level 7. HP: 53/59 MP: 9/9
  4181 | D:5      | Noticed Grinder
  4194 | D:5      | HP: 10/59 [water moccasin (8)]
  4195 | D:5      | HP: 4/59 [something (2)]
  4200 | D:5      | HP: 11/59 [poisoned by a water moccasin]
  4201 | D:5      | HP: 5/59 [Grinder (1)]
  4201 | D:5      | HP: 1/59 [something (2)]
  4202 | D:5      | Mangled by Grinder

Vanquished Creatures
  Menkaure (D:4)
  A water moccasin (D:5)
  An ogre (D:4)
  2 scorpions
  A necrophage (D:3)
  A jelly (D:5)
  2 iguanas (D:4)
  Robin (D:4)
  7 adders
  5 worms
  2 dart slugs
  4 orcs
  10 ball pythons
  3 endoplasms
  4 giant cockroaches
  16 goblins
  13 hobgoblins
  6 jackals (D:1)
  10 kobolds
  4 quokkas
  6 bats
  3 frilled lizards (D:1)
  8 rats
111 creatures vanquished.

Vanquished Creatures (others)
  10 plants
10 creatures vanquished.

Grand Total: 121 creatures vanquished

Table legend:
 A = Non-vault XP
 B = Vault XP
 C = Vault XP percentage of total XP
 D = Non-vault monster count
 E = Vault monster count
 F = Vault count percentage of total count
                 A         B        C        D         E       F
            +---------+---------+-------+---------+---------+-------
      Total |     852 |     242 |  22.1 |      92 |      19 |  17.1
            +---------+---------+-------+---------+---------+-------
        D:1 |      47 |       5 |   9.6 |      28 |       3 |   9.7
        D:2 |      55 |       0 |   0.0 |      19 |       0 |   0.0
        D:3 |     230 |       1 |   0.4 |      21 |       1 |   4.5
        D:4 |     244 |     236 |  49.2 |      19 |      15 |  44.1
        D:5 |     276 |       0 |   0.0 |       5 |       0 |   0.0
            +---------+---------+-------+---------+---------+-------

Illustrated notes

Table legend:
 A = Kills in this place as a percentage of kills in entire the game.
 B = Kills by you in this place as a percentage of kills by you in the entire game.
 C = Kills by friends in this place as a percentage of kills by friends in the entire game.
 D = Other kills in this place as a percentage of other kills in the entire game.
 E = Experience gained in this place as a percentage of experience gained in the entire game.
 F = Experience gained in this place divided by the number of levels of this place that you have seen.
                   A       B       C       D       E      F
               +-------+-------+-------+-------+-------+----------------------
         Total | 100.0 | 100.0 |   N/A |   N/A | 100.0 | 218.8
       Dungeon | 100.0 | 100.0 |   N/A |   N/A | 100.0 | 218.8
               +-------+-------+-------+-------+-------+----------------------

Table legend: (Time is in decaauts)
 A = Elapsed time spent in this place.
 B = Non-inter-level travel time spent in this place.
 C = Inter-level travel time spent in this place.
 D = Time resting spent in this place.
 E = Time spent auto-exploring this place.
 F = Levels seen in this place.
 G = Mean time per level.
                   A        B        C        D        E       F      G
               +--------+--------+--------+--------+--------+-----+--------+
         Total |   4376 |   4167 |    209 |    252 |   3247 |   5 |  875.2 |
       Dungeon |   4376 |   4167 |    209 |    252 |   3247 |   5 |  875.2 |
               +--------+--------+--------+--------+--------+-----+--------+

Top non-repeatable levels by time:
     D:1: 1454 daAuts
     D:3: 1194 daAuts
     D:4: 777 daAuts
     D:2: 772 daAuts
     D:5: 177 daAuts
